 Dungeon Crawl Stone Soup version 0.25.1-9-gc5326a611f (webtiles) character file.

Game seed: 7180038583036970808

58 Destapler the Charlatan (level 3, -3/26 HPs)
             Began as a Demonspawn Artificer on Dec 31, 2020.
             Slain by a sky beast (6 damage)
             ... on level 2 of the Dungeon.
             The game lasted 00:06:10 (1787 turns).

Destapler the Charlatan (Demonspawn Artificer)      Turns: 1787, Time: 00:06:10

Health: -3/26      AC:  4    Str: 10 (12) XL:     3   Next: 75%
Magic:  0/5        EV: 11    Int: 10 (12) God:
Gold:   68         SH:  3    Dex: 11 (14) Spells: 3/3 levels left

rFire    . . .     SeeInvis .   a - +0 short sword
rCold    . . .     Gourm    .   k - +0 buckler (curse)
rNeg     . . .     Faith    .   b - +0 leather armour
rPois    .         Spirit   +   (no helmet)
rElec    .         Reflect  .   (no cloak)
rCorr    .         Harm     .   n - +0 pair of gloves
MR       .....                  (no boots)
Stlth    +.........             (no amulet)
HPRegen  0.08/turn              (no ring)
MPRegen  0.09/turn              (no ring)

@: brilliant, hasted, very quick
A: talons 1, magic shield
a: no special abilities


You were on level 2 of the Dungeon.
You were hungry.

You visited 1 branch of the dungeon, and saw 2 of its levels.

You collected 68 gold pieces.

Inventory:

Hand Weapons
 a - a +0 short sword (weapon)
Armour
 b - a +0 leather armour (worn)
 k - a cursed +0 buckler (worn)
 n - a +0 pair of gloves (worn)
Wands
 c - a wand of flame (15)
 d - a wand of enslavement (15)
 e - a wand of random effects (15)
Scrolls
 h - a scroll of noise {unknown}
 i - a scroll of enchant weapon {unknown}
 l - a scroll of amnesia {unknown}
 m - 2 scrolls of teleportation {unknown}
 o - a scroll of identify {unknown}
 p - a scroll of remove curse {unknown}
 q - a scroll of random uselessness {unknown}
 s - a scroll of fear {unknown}
 u - a scroll of magic mapping {unknown}
Potions
 r - a potion of haste
 t - a potion of magic {unknown}
Comestibles
 f - 7 rations


   Skills:
 + Level 1.6 Fighting
 - Level 0.8 Short Blades
 + Level 0.8 Throwing
 + Level 1.0 Armour
 + Level 2.1 Dodging
 + Level 1.4 Stealth
 + Level 0.7 Shields
 + Level 0.7 Spellcasting
 + Level 3.2 Evocations


You had 3 spell levels left.
You didn't know any spells.
Your spell library was empty.

Dungeon Overview and Level Annotations

Branches:
Dungeon (2/15)

Altars:


Innate Abilities, Weirdness & Mutations

You have sharp toenails.
When hurt, damage is shared between your health and your magic reserves.


Message History

It was a potion of brilliance.
You feel clever all of a sudden.
No target in view!
It was a potion of haste.
You feel yourself speed up. Something hits you. Something shocks you.
You barely miss something. Something hits you but does no damage.
You barely miss something. Your kick misses something. Something hits you.
Something shocks you.
You barely miss something. You closely miss something.
Your kick misses something.
A sky beast appears from thin air!
Reactivating autopickup.
The sky beast hits you.
* * * LOW HITPOINT WARNING * * *
The sky beast shocks you.
* * * LOW HITPOINT WARNING * * *
You closely miss the sky beast. The sky beast hits you.
* * * LOW HITPOINT WARNING * * *
The sky beast shocks you.
You die...

#..........#.#....###...
########...#.####.......
##...... ........
#######.....## ###....
#.......... . #......
#.........# .. #......
#.........## #.##......
#..........# #.........
#.....Y@...# ####......
#######..#.## #......
#.##..# #......
#.###.### ##......
#.##....###.......
#.##....##........
#.##.......#######
#.......####
#.##...........


You could see a sky beast.

Vanquished Creatures
  A hound zombie (D:2)
  An ooze (D:2)
  2 dart slugs (D:1)
  A leopard gecko (D:1)
  A giant cockroach (D:1)
  6 goblins
  4 hobgoblins (D:1)
  2 jackals (D:1)
  5 kobolds
  5 bats
  2 frilled lizards (D:2)
  2 rats (D:1)
32 creatures vanquished.

Notes
Turn   | Place    | Note
-------+----------+-------------------------------------------
     0 | D:1      | Destapler the Demonspawn Artificer began the quest for the
                  | Orb.
     0 | D:1      | Reached XP level 1. HP: 15/15 MP: 3/3
   134 | D:1      | Reached skill level 1 in Stealth
   177 | D:1      | Gained mutation: You have sharp toenails. [demonic
                  | ancestry]
   177 | D:1      | Reached XP level 2. HP: 6/21 MP: 4/4
  1014 | D:1      | Gained mutation: When hurt, damage is shared between your
                  | health and your magic reserves. [demonic ancestry]
  1014 | D:1      | Reached XP level 3. HP: 23/26 MP: 5/5
  1452 | D:2      | Reached skill level 1 in Armour
  1777 | D:2      | Noticed a sky beast
  1787 | D:2      | Slain by a sky beast

Illustrated notes

Levels and vault maps discovered:
D:1:      scummos_arrival_simple_fountains, layout_loops_ring,
          minmay_pentomino_x4
D:2:      layout_rooms, first_ration

Skill      XL: |  1  2  3 |
---------------+----------+-----
Stealth        | 1 |  1.4
Dodging        | 2 |  2.1
Armour         | 1 |  1.0
Fighting       | |  1.6
Short Blades   | |  0.8
Throwing       | |  0.8
Shields        | |  0.7
Spellcasting   | |  0.7
Evocations     | |  3.2

Action                   || total
-------------------------++-------
Melee: Short sword       ||   119
       Kick              ||    22
  Use: Potion            ||     4
 Stab: Sleeping          ||     1
  Eat: Chunk             ||     2
Armor: Leather armour    ||    39
Dodge: Dodged            ||    62
Block: Buckler           ||    12
